 Dungeon Crawl Stone Soup version 0.16.0-5-g717f7e7 (webtiles) character file.

51 Nychthemeron the Digger (level 4, 0/30 HPs)
             Began as a Formicid Earth Elementalist on Mar 15, 2015.
             Succumbed to an adder's poison
             ... on level 2 of the Dungeon.
             The game lasted 00:13:22 (1272 turns).

Nychthemeron the Digger (FoEE)                      Turns: 1272, Time: 00:13:22

Health: 0/30       AC:  5    Str: 13    XL:     4   Next: 5%
Magic:  2/8        EV: 12    Int: 15    God:
Gold:   39         SH:  0    Dex: 11    Spells: 2 memorised, 4 levels left

rFire  . . .     SeeInvis +     (no weapon)
rCold  . . .     Clarity  .     c - +0 robe
rNeg   . . .     SustAb   .     (no shield)
rPois  .         Gourm    .     (helmet unavailable)
rElec  .         Spirit   .     (no cloak)
rCorr  .         Warding  .     j - +0 pair of gloves
rMut   .         Stasis   +     f - +1 pair of boots
MR     .....                    (no amulet)
Stlth  ++........               (no ring)
                                (no ring)

@: lethally poisoned (0 -> -8), not resistant to hostile enchantments,
unstealthy
A: permanent stasis, dig shafts and tunnels, four strong arms, antennae 3
a: Dig, Shaft Self


You were on level 2 of the Dungeon.
You were very hungry.

You visited 1 branch of the dungeon, and saw 2 of its levels.

You collected 39 gold pieces.

Inventory:

Missiles
 b - 27 stones (quivered)
Armour
 c - a +0 robe (worn)
 f - a +1 pair of boots (worn)
 j - a +0 pair of gloves (worn)
Scrolls
 e - a scroll of teleportation
 l - a scroll of identify {unknown}
 m - a scroll of blinking {unknown}
Potions
 g - a potion of curing
 h - a potion of restore abilities {unknown}
 i - 2 potions of resistance {unknown}
 k - a potion of poison {unknown}
Books
 d - a book of Geomancy

   Spells                             Type                      Level
   a - Sandblast                      Earth                        1
   b - Stoneskin                      Transmutation/Earth          2
   c - Passwall                       Transmutation/Earth          3
   d - Stone Arrow                    Conjuration/Earth            3
   e - Petrify                        Transmutation/Earth          4
   f - Lee's Rapid Deconstruction     Earth                        5
Comestibles
 a - 4 bread rations


   Skills:
 - Level 1.7 Dodging
 - Level 2.4 Stealth
 - Level 2.1 Spellcasting
 + Level 3.2 Transmutations
 - Level 4.3 Earth Magic


You had 4 spell levels left.
You knew the following spells:

 Your Spells              Type           Power        Failure   Level  Hunger
a - Sandblast             Erth           ##....       4%          1    #......
b - Stoneskin             Trmt/Erth      ##......     10%         2    ###....


Dungeon Overview and Level Annotations

Branches:
Dungeon (2/15)

Altars:


Innate Abilities, Weirdness & Mutations

You are under a permanent stasis effect.
You can dig through walls and to a lower floor.
Your four strong arms can wield two-handed weapons with a shield.
You have a pair of large antennae on your head (SInv).


Message History

The adder is severely wounded.
The adder bites you.
* * * LOW HITPOINT WARNING * * *
You are poisoned.
The adder poisons you!
You barely miss the adder.
The adder is severely wounded.
* * * LOW HITPOINT WARNING * * *
You feel sick. The adder bites you but does no damage.
You barely miss the adder.
The adder is severely wounded.
The adder closely misses you.
* * * LOW HITPOINT WARNING * * *
You feel sick. The adder closely misses you.
* * * LOW HITPOINT WARNING * * *
You feel sick. The adder bites you.
* * * LOW HITPOINT WARNING * * *
You are more poisoned.
The adder poisons you! The adder barely misses you.
You die...

###.............#
..#.#
#...)...........#
....
#.##............#
...
.#.....r.......
####.#
#.###+#######
....# #S# .#
##... #r# .######
#....
#.###........
#<...
#.S.@........
#....
######......%
#.... ..... #.†..
#+## #.... #.#..
#.### #.# ..# #


You could see an adder.

Vanquished Creatures
  2 adders (D:2)
  A giant gecko (D:2)
  An ooze (D:1)
  3 bats
  4 hobgoblins
  4 jackals (D:2)
  2 kobolds
  2 quokkas (D:2)
  3 giant cockroaches (D:1)
  A giant newt (D:2)
  2 goblins (D:1)
  6 rats (D:1)
31 creatures vanquished.

Notes
Turn   | Place    | Note
--------------------------------------------------------------
     0 | D:1      | Nychthemeron, the Formicid Earth Elementalist, began the quest for the Orb.
     0 | D:1      | Reached XP level 1. HP: 13/13 MP: 3/3
   111 | D:1      | Reached skill level 4 in Earth Magic
   159 | D:1      | Reached XP level 2. HP: 17/19 MP: 1/5
   163 | D:1      | Learned a level 2 spell: Stoneskin
   793 | D:2      | Reached XP level 3. HP: 24/24 MP: 4/7
  1159 | D:2      | Reached XP level 4. HP: 25/30 MP: 0/8
  1270 | D:2      | HP: 1/30 [adder (3)]
  1272 | D:2      | Succumbed to an adder's poison

Action                   |  1- 3 |  4- 6 || total
-------------------------+-------+-------++-------
Melee: Unarmed           |     4 |     5 ||     9
 Cast: Sandblast         |    47 |    11 ||    58
 Abil: Dig               |     1 |       ||     1
  Use: Scroll            |     2 |       ||     2
       Potion            |       |     1 ||     1
  Eat: Chunk             |     1 |       ||     1
